 Dungeon Crawl Stone Soup version 0.25-a0-474-ga8a2ee3166 (webtiles) character file.

Game seed: 3981888671342238699, levelgen mode: deterministic

35053 Yahzi the Unseen (level 13, -10/79 HPs)
             Began as a Vampire Assassin on Feb 7, 2020.
             Was an Initiate of Gozag.
             Mangled by a large abomination (28 damage)
             ... on level 2 of the Abyss.
             The game lasted 01:14:25 (17778 turns).

Yahzi the Unseen (Vampire Assassin)                Turns: 17778, Time: 01:14:26

Health: -10/79     AC: 15    Str:  8 (9)  XL:     13   Next: 45%
Magic:  16/16      EV: 16    Int: 17 (23) God:    Gozag
Gold:   457        SH:  5    Dex: 13 (15) Spells: 19/22 levels left

rFire    . . .     SeeInvis +   V - +6 quick blade
rCold    + . .     Gourm    .   O - +0 buckler
rNeg     . . .     Faith    .   J - +1 steam dragon scales
rPois    +         Spirit   .   Q - +2 helmet "Cyrauwy" {rElec rPois Str-2 Int+5}
rElec    +         Reflect  .   c - +0 cloak
rCorr    .         Harm     .   g - +2 pair of gloves
MR       +....                  l - +0 pair of boots
Stlth    ++++++....             (no amulet)
HPRegen  0.00/turn              M - +1 ring of protection
MPRegen  0.15/turn              H - ring of protection from cold

@: non-regenerating, diseased
A: no food, fangs 3, see invisible, deterioration 1[+1], [frail 3], [low mp 2],
[screaming 2], unbreathing, subdued magic 1
a: Exsanguinate, Potion Petition, Call Merchant, Bribe Branch, Renounce Religion


You were on level 2 of the Abyss.
You worshipped Gozag.
Gozag was aware of your devotion.
You were alive.

You visited 3 branches of the dungeon, and saw 18 of its levels.
You visited the Abyss 1 time.

You collected 3636 gold pieces.
You spent 275 gold pieces at shops.
You paid 2904 gold pieces to Gozag.

Inventory:

Hand Weapons
 r - a +0 hunting sling
 P - a +4 dagger
 V - a +6 quick blade (weapon)
Missiles
 d - 39 poisoned darts
 f - 446 stones
 h - 7 curare-tipped darts (quivered)
 q - 195 sling bullets
 x - 4 atropa-tipped darts
 L - 6 throwing nets
Armour
 a - a +1 ring mail of fire resistance
 c - a +0 cloak (worn)
 g - a +2 pair of gloves (worn)
 k - a scarf of cloud immunity
 l - a +0 pair of boots (worn)
 E - the +2 robe "Ver Boar" {-Tele rElec rN+++ MR+, unknown}
   (You found it on level 1 of the Abyss)

   It insulates you from electricity.
   It renders you almost immune to negative energy.
   It affects your resistance to hostile enchantments.
   It prevents most forms of teleportation.
   If you switch to wearing this armour, your AC will fall 2 points (15 -> 13)
 J - +1 steam dragon scales (worn)
 O - a +0 buckler (worn)
 Q - the +2 helmet "Cyrauwy" (worn) {rElec rPois Str-2 Int+5}
   (You bought it in a shop on level 1 of the Lair of Beasts)

   It affects your strength (-2).
   It affects your intelligence (+5).
   It insulates you from electricity.
   It protects you from poison.
   If you remove this armour, your AC will fall 3 points (15 -> 12)
Magical Staves
 I - an uncursed staff of wizardry
Jewellery
 i - an uncursed ring of resist corrosion
 C - an uncursed amulet of rage
 H - a ring of protection from cold (right hand)
 M - a +1 ring of protection (left hand)
 S - an uncursed ring of protection from cold
Wands
 e - a wand of flame (1)
 n - a wand of enslavement (20)
 N - a wand of digging (8)
 T - a wand of paralysis (8)
 W - a wand of random effects (24)
 Y - a wand of polymorph (11)
Scrolls
 j - 5 scrolls of identify
 m - a scroll of teleportation
 o - 5 scrolls of remove curse
 t - 3 scrolls of enchant weapon
 u - a scroll of holy word
 v - 2 scrolls of enchant armour
 w - 4 scrolls of amnesia
 y - 2 scrolls of noise
 A - a scroll of fog
 D - 4 scrolls of immolation
 X - 2 scrolls of fear
Potions
 b - a potion of invisibility
 p - 6 potions of flight
 s - a potion of resistance
 z - 4 potions of might
 B - 2 potions of haste
 F - 3 potions of brilliance
 G - 2 potions of lignification
 K - 6 potions of curing
 U - a potion of agility
 Z - a potion of berserk rage {unknown}


   Skills:
 + Level 14.2 Fighting
 - Level 10.3 Short Blades
 - Level 1.5 Throwing
 - Level 7.0 Dodging
 - Level 15.0 Stealth
 - Level 4.1 Shields
 - Level 5.0 Spellcasting
 - Level 7.1 Hexes


You had 19 spell levels left.
You knew the following spells:

 Your Spells              Type           Power        Failure   Level  Hunger
a - Confusing Touch       Hex            ###.....     1%          3    N/A

Your spell library contained the following spells:

 Spells                   Type           Power        Failure   Level  Hunger
 Corona                   Hex            ###....      1%          1    N/A
 Slow                     Hex            ###.....     1%          2    N/A
 Ensorcelled Hibernation  Hex/Ice        ##....       3%          2    N/A
 Cause Fear               Hex            ###.......   6%          4    N/A
 Inner Flame              Hex/Fire       ##......     8%          3    N/A
 Portal Projectile        Hex/Tloc       ##....       8%          3    N/A
 Shock                    Conj/Air       #...         12%         1    N/A
 Poisonous Vapours        Pois/Air       #.....       19%         2    N/A
 Swiftness                Chrm/Air       #.......     19%         2    N/A
 Leda's Liquefaction      Hex/Erth       ##........   28%         4    N/A
 Conjure Flame            Conj/Fire      #.......     34%         3    N/A
 Gell's Gravitas          Tloc           #.........   34%         3    N/A
 Mephitic Cloud           Conj/Pois/Air  #.......     34%         3    N/A
 Static Discharge         Conj/Air       #.......     34%         3    N/A
 Metabolic Englaciation   Hex/Ice        ##........   63%         5    N/A
 Silence                  Hex/Air        ##........   63%         5    N/A
 Yara's Violent Unravell  Hex/Tmut       ##........   63%         5    N/A
 Darkness                 Hex            ###.......   71%         6    N/A
 Airstrike                Air            #.........   77%         4    N/A
 Petrify                  Tmut/Erth      #.......     77%         4    N/A
 Bolt of Magma            Conj/Fire/Erth #.........   98%         5    N/A
 Borgnjor's Vile Clutch   Necr/Erth      #.........   98%         5    N/A
 Lightning Bolt           Conj/Air       #.........   98%         5    N/A
 Freezing Cloud           Conj/Ice/Air   #.........   100%        6    N/A
 Iron Shot                Conj/Erth      #.........   100%        6    N/A
 Shadow Creatures         Summ           N/A          100%        6    N/A
 Statue Form              Tmut/Erth      #........    100%        6    N/A
 Ring of Flames           Chrm/Fire      #.........   100%        7    N/A
 Shatter                  Erth           #.........   100%        9    N/A

Dungeon Overview and Level Annotations

Branches:
Dungeon (15/15)            Temple (1/1) D:5            Lair (2/6) D:11
 Shoals (0/4) Lair:2          Orc (0/2) D:9
  Snake: Lair:2-4    Spider: Lair:2-4    Vaults: D:13-14     Depths: D:15

Altars:
Ashenzari
Fedhas
Gozag
Kikubaaqudgha
Nemelex Xobeh
Qazlal
Vehumet
Wu Jian
Yredelemnul
The Shining One
Beogh

Shops:
D:4 (   D:11 [=   Lair:1 [

Annotations:
D:10 2 transporters, Nixze's ghost, journeyman GrEE
D:13 exclusions: two-headed ogre and wizard
Lair:2 Sonja


Innate Abilities, Weirdness & Mutations

You do not eat.
Your natural rate of healing is unusually fast.
You have razor-sharp teeth.
You have supernaturally acute eyesight. (SInv)
You can survive without breathing.
Your spells are a little easier to cast, but a little less powerful.
[Your body often deteriorates upon taking damage.]
[You are extremely frail. (-30% HP)]
[Your magical capacity is very low. (-20% MP)]
[You sometimes yell uncontrollably at your foes.]


Message History

* * * LOW HITPOINT WARNING * * *
Your body deteriorates!
You feel clumsy.
Unknown command.
Found a gateway leading deeper into the Abyss.
A small abomination comes into view.
An efreet comes into view.
It is wielding a +3 scimitar of flaming.
A smoke demon comes into view.
A raiju comes into view.
Your hands stop glowing.
An ancient zyme comes into view.
You feel yourself growing ill in the presence of the ancient zyme.
The large abomination misses you.
Found 29 stones.
There is a gateway leading deeper into the Abyss here.
You feel ill.
You feel ill.
You feel ill. The large abomination hits you!!
You die...
Your body crumbles into a pile of gold.

#. # ...## ###
..# #...###..
.#. #####.#.#.(
. .# #..#..# .
.# #...#.#.>.#
##.. #....#..##
#.#####.....
.####..
.#..#......#
##..#
.#..#.#..X###.#
#
.#..##...#.###@#
...h..### #.#
##...#.#..# #..
#. ##...#.# #.#.
#####.... ..
...## . #
.###.....# # ..
.###. ##. . . .


You could see a large abomination.

Vanquished Creatures
  Gastronok (D:8)
  Nessos (D:12)
  Snorg (D:13)
  Harold (D:7)
  2 hydras
  2 centaur warriors (D:13)
  A tengu warrior (D:12)
  A wolf spider (D:10)
  2 worldbinders (Abyss:1)
  2 cyclopes (D:12)
  7 ugly things
  2 manticores
  Psyche (D:9)
  Maurice (D:13)
  3 spiny frogs (Lair:1)
  A gargoyle (D:11)
  2 komodo dragons (Lair:1)
  Maggie (D:6)
  An efreet (D:12)
  A freezing wraith (Abyss:1)
  A tengu conjurer (D:12)
  2 meliai (D:13)
  5 trolls
  Prince Ribbit (D:5)
  2 hornets
  3 blink frogs (Lair:1)
  A dream sheep (Lair:2)
  12 slime creatures
  Grinder (D:5)
  2 raiju (Abyss:1)
  6 hippogriffs
  Sigmund (D:5)
  6 wyverns
  6 yaks
  A wraith (D:13)
  A ynoxinul (Abyss:1)
  3 golden eyes (Abyss:1)
  2 neqoxecs
  A chaos spawn (Abyss:1)
  Edmund (D:6)
  2 soldier ants (D:12)
  3 water moccasins
  An acid dragon (D:12)
  2 porcupines (Lair:1)
  4 ice beasts
  3 black bears
  2 orc warriors
  4 sky beasts
  An eye of draining (D:12)
  A necrophage (D:9)
  5 ogres
  4 wolves (Lair:1)
  13 centaurs
  3 crocodiles
  3 big kobolds
  14 bullfrogs
  2 scorpions
  4 killer bees
  8 wights (D:7)
  5 howler monkeys
  4 crimson imps
  A bullfrog zombie (D:11)
  8 hounds
  4 quasits
  4 centaur zombies
  2 jellies
  An iron imp (Abyss:1)
  6 orc priests
  4 centaur skeletons
  11 orc wizards
  Jessica (D:1)
  5 iguanas
  Terence (D:2)
  4 worker ants
  2 hound skeletons
  A worker ant zombie (D:5)
  9 gnolls
  2 howler monkey skeletons
  13 adders
  A shadow imp (D:9)
  A white imp (Abyss:1)
  An ooze (D:2)
  4 worms
  A dart slug (D:1)
  9 leopard geckos
  34 orcs
  9 giant cockroaches
  10 goblins
  10 hobgoblins
  10 jackals
  19 kobolds
  6 quokkas
  2 ball pythons
  9 bats
  10 frilled lizards
  A leopard gecko zombie (D:8)
  3 rats
399 creatures vanquished.

Vanquished Creatures (others)
  A meliai (D:13)
1 creature vanquished.

Grand Total: 400 creatures vanquished

Notes
Turn   | Place    | Note
-------+----------+-------------------------------------------
     0 | D:1      | Yahzi the Vampire Assassin began the quest for the Orb.
     0 | D:1      | Reached XP level 1. HP: 16/16 MP: 1/1
   217 | D:1      | Reached skill level 6 in Stealth
   331 | D:1      | Reached XP level 2. HP: 22/22 MP: 2/2
   795 | D:2      | Reached XP level 3. HP: 27/27 MP: 3/3
   963 | D:2      | Noticed Terence
   965 | D:2      | Killed Terence
   965 | D:2      | Reached skill level 7 in Stealth
  1171 | D:2      | Reached XP level 4. HP: 15/33 MP: 4/4
  1377 | D:2      | Noticed Jessica
  1426 | D:1      | Killed Jessica
  1802 | D:2      | Reached XP level 5. HP: 38/38 MP: 5/5
  2233 | D:3      | Found an opulent altar of Gozag.
  2234 | D:3      | Found a sparkling altar of Nemelex Xobeh.
  2246 | D:3      | Became a worshipper of Gozag Ym Sagoz the Greedy
  2251 | D:3      | Learned a level 3 spell: Confusing Touch
  2645 | D:3      | Reached skill level 1 in Hexes
  2919 | D:4      | Reached skill level 8 in Stealth
  3052 | D:4      | Found Ywaibeem's Weapon Shoppe.
  3184 | D:4      | Reached XP level 6. HP: 38/44 MP: 6/6
  3559 | D:5      | Entered Level 5 of the Dungeon
  3598 | D:5      | Found a staircase to the Ecumenical Temple.
  3606 | Temple   | Entered the Ecumenical Temple
  3934 | D:5      | HP: 1/44 [orc priest/divine providence (16)]
  3937 | D:5      | Reached skill level 5 in Short Blades
  4189 | D:5      | Reached skill level 9 in Stealth
  4189 | D:5      | Reached XP level 7. HP: 41/49 MP: 3/7
  4322 | D:5      | You fall into a shaft and drop 2 floors!
  4821 | D:6      | Reached skill level 5 in Hexes
  4895 | D:5      | Noticed Sigmund
  4905 | D:5      | Killed Sigmund
  4905 | D:5      | Reached skill level 10 in Stealth
  4905 | D:5      | Reached XP level 8. HP: 55/55 MP: 4/8
  4943 | D:5      | Noticed Grinder
  4962 | D:5      | Killed Grinder
  4983 | D:5      | Found an opulent altar of Gozag.
  5044 | D:5      | Noticed Prince Ribbit
  5077 | D:5      | Killed Prince Ribbit
  5865 | D:6      | Got a fabulously ornate robe
  5872 | D:6      | Identified the cursed +0 robe of the First Snow {rCorr}
                  | (You found it on level 6 of the Dungeon)
  5879 | D:6      | Noticed Maggie
  5917 | D:6      | Reached skill level 11 in Stealth
  6087 | D:6      | Reached skill level 1 in Spellcasting
  6115 | D:6      | Noticed Edmund
  6161 | D:6      | Killed Edmund
  6374 | D:6      | Reached XP level 9. HP: 61/61 MP: 6/11
  6581 | D:6      | Killed Maggie
  6581 | D:6      | Reached skill level 12 in Stealth
  6897 | D:7      | Reached skill level 5 in Dodging
  7457 | D:7      | Noticed Harold
  7634 | D:7      | Killed Harold
  7634 | D:7      | Reached skill level 13 in Stealth
  7735 | D:8      | Reached XP level 10. HP: 67/67 MP: 15/15
  7818 | D:8      | Noticed Gastronok
  8077 | D:8      | Killed Gastronok
  8077 | D:8      | Reached skill level 10 in Short Blades
  8077 | D:8      | Reached skill level 14 in Stealth
  8516 | D:9      | Noticed Psyche
  8781 | D:9      | Killed Psyche
  8781 | D:9      | Reached skill level 15 in Stealth
  8781 | D:9      | Reached skill level 1 in Shields
  9071 | D:9      | Found a stormy altar of Qazlal.
  9262 | D:9      | Reached skill level 5 in Spellcasting
  9336 | D:9      | Found a staircase to the Orcish Mines.
  9354 | D:9      | Found a roughly hewn altar of Beogh.
  9387 | D:9      | Reached XP level 11. HP: 72/72 MP: 13/18
  9525 | D:10     | Entered Level 10 of the Dungeon
  9684 | D:10     | Noticed a wolf spider
  9688 | D:10     | Killed a wolf spider
  9917 | D:10     | Noticed Nixze's ghost (journeyman GrEE)
  9917 | D:10     | Identified the +8 dire flail "Puex" {vorpal, Dex+3}
  9917 | D:10     | Identified the cursed +1 dire flail of Fragile Peace
                  | {vorpal, SInv}
  9917 | D:10     | Noticed a two-headed ogre
  9918 | D:10     | Found a transporter.
  9918 | D:10     | Found a transporter.
  9919 | D:10     | Noticed a two-headed ogre
 10948 | D:11     | Reached skill level 5 in Fighting
 11200 | D:11     | Noticed a purple ugly thing
 11207 | D:11     | Killed a purple ugly thing
 11750 | D:11     | Found a staircase to the Lair.
 11804 | D:12     | Noticed a four-headed hydra
 11812 | D:12     | Killed a four-headed hydra
 11870 | D:12     | You fall into a shaft and drop 3 floors!
 11870 | D:15     | Entered Level 15 of the Dungeon
 11875 | D:15     | Noticed a white ugly thing
 11961 | D:15     | Noticed a deep elf mage
 11961 | D:15     | Noticed a deep elf mage
 12009 | D:15     | Noticed a white ugly thing
 12040 | D:15     | Noticed a white ugly thing
 12040 | D:15     | Noticed a white ugly thing
 12046 | D:15     | Killed a white ugly thing
 12047 | D:15     | Noticed a white ugly thing
 12048 | D:15     | Noticed a white ugly thing
 12063 | D:15     | Killed a white ugly thing
 12082 | D:15     | Killed a white ugly thing
 12092 | D:15     | Killed a purple ugly thing
 12121 | D:15     | Killed a purple ugly thing
 12121 | D:15     | Reached XP level 12. HP: 59/95 MP: 13/19
 12315 | D:15     | Found a radiant altar of Vehumet.
 12676 | D:14     | Found a shattered altar of Ashenzari.
 12806 | D:13     | Reached skill level 10 in Fighting
 12891 | D:13     | Noticed a two-headed ogre
 12907 | D:13     | Noticed Snorg
 12919 | D:13     | Killed Snorg
 12996 | D:13     | Paralysed by a hornet for 1 turns
 13086 | D:13     | Noticed a centaur warrior
 13104 | D:13     | Killed a centaur warrior
 13510 | D:13     | Noticed a centaur warrior
 13739 | D:13     | Killed a centaur warrior
 13905 | D:12     | Found a glowing golden altar of the Shining One.
 14427 | D:12     | Noticed Nessos
 14431 | D:12     | Killed Nessos
 14587 | D:12     | Noticed a tengu warrior
 14622 | D:12     | Killed a tengu warrior
 15248 | D:13     | Reached XP level 13. HP: 108/109 MP: 16/20
 15584 | D:13     | Noticed Maurice
 15616 | D:13     | Killed Maurice
 15784 | D:13     | Identified a scroll of acquirement
 15878 | Lair:1   | Entered Level 1 of the Lair of Beasts
 16846 | Lair:1   | Bought a translucent helmet for 275 gold pieces
 16846 | Lair:1   | Identified the +2 helmet "Cyrauwy" {rElec rPois Str-2
                  | Int+5} (You bought it in a shop on level 1 of the Lair of
                  | Beasts)
 16908 | Lair:2   | Found a staircase to the Shoals.
 16974 | Lair:2   | Noticed Sonja
 16986 | Lair:2   | Cast into level 1 of the Abyss (Sonja)
 17136 | Abyss:1  | Noticed an ophan
 17152 | Abyss:1  | Noticed a lorocyproca
 17262 | Abyss:1  | Noticed a starcursed mass
 17298 | Abyss:1  | Got a heavy robe
 17349 | Abyss:1  | Found a corrupted altar of Lugonu.
 17349 | Abyss:1  | Found a shimmering altar of Xom.
 17349 | Abyss:1  | Found a shimmering altar of Xom.
 17349 | Abyss:1  | Found a shimmering altar of Xom.
 17349 | Abyss:1  | Found a shimmering altar of Xom.
 17349 | Abyss:1  | Found a shimmering altar of Xom.
 17349 | Abyss:1  | Found a shimmering altar of Xom.
 17349 | Abyss:1  | Found a shimmering altar of Xom.
 17349 | Abyss:1  | Found a shimmering altar of Xom.
 17349 | Abyss:1  | Found a shimmering altar of Xom.
 17349 | Abyss:1  | Found a shimmering altar of Xom.
 17349 | Abyss:1  | Found a shimmering altar of Xom.
 17349 | Abyss:1  | Found a shimmering altar of Xom.
 17349 | Abyss:1  | Found a shimmering altar of Xom.
 17349 | Abyss:1  | Found a shimmering altar of Xom.
 17349 | Abyss:1  | Found a shimmering altar of Xom.
 17349 | Abyss:1  | Found a shimmering altar of Xom.
 17422 | Abyss:1  | Noticed a bone dragon
 17545 | Abyss:1  | Gained mutation: Your spells are a little easier to cast,
                  | but a little less powerful. [a neqoxec]
 17559 | Abyss:1  | Gained mutation: [Your body sometimes deteriorates upon
                  | taking damage.] [a neqoxec]
 17692 | Abyss:1  | Noticed a starcursed mass
 17701 | Abyss:2  | Found a sparkling altar of Nemelex Xobeh.
 17778 | Abyss:2  | Mangled by a large abomination

Levels and vault maps discovered:
D:1:      lemuel_arrival_funnel, layout_loops_ring, minmay_lizard_king
D:2:      layout_basic, uniq_jessica, uniq_terence
D:3:      minmay_chambers_of_threes, layout_rooms,
          grunt_temple_overflow_opulence
D:4:      layout_loops_ring, serial_shops, kennysheep_mini_moat, first_ration,
          st_stairs_9
D:5:      layout_loops_corners, nicolae_overflow_hidden_temple,
          minmay_temple_entry_mini_moons, serial_park_tiny_pond,
          nicolae_gozag_cash_rules_everything_around_me, uniq_prince_ribbit1,
          uniq_sigmund, uniq_grinder
D:6:      layout_loops_ring, solitary_fountain, uniq_maggie, uniq_edmund
D:7:      layout_cave_pools, grunt_ogre_cave, uniq_harold
D:8:      layout_basic, uniq_gastronok
D:9:      layout_loops_cross, minmay_orc_entry_temple_small,
          nicolae_qazlal_general_emergency, uniq_psyche
D:10:     layout_irregular_city, gammafunk_ghost_smash, minmay_three_doors
D:11:     layout_grid_maze, grunt_lair_entry_orc_guard_hut
D:12:     layout_basic, basic_altar, minivault_27, uniq_nessos
D:13:     layout_roguey, david_vaults_1, small_statue_alley_a, uniq_maurice,
          uniq_snorg
D:14:     layout_irregular_city, gauntlet_entry_generic, lemuel_tele_altar,
          nicolae_straight_to_the_point
D:15:     gammafunk_depths_entry_grave, layout_gridville, lemuel_round_altar,
          serial_shops, shop_coins, statue_in_the_mist_lemuel,
          chequers_mini_garden
Temple:   hc_temple_tempest_star
Lair:1:   layout_long_grid
Lair:2:   layout_small_grid, minmay_shoals_entry_beasts, disabler_island,
          lemuel_fruit_tree, lemuel_fruit_fields, uniq_sonja
Abyss:2:  base: D:12, guppyfry_abyss_exit_spiral_guarded, minivault_22

Skill      XL: |  1  2  3  4  5  6  7  8  9 10 11 12 13 |
---------------+----------------------------------------+-----
Stealth        | 6 7 8 9 10 11 13 15 | 15.0
Short Blades   | 3 4 5 6 7 9 10 | 10.3
Dodging        | 2 3 4 5 7 |  7.0
Hexes          | 2 3 5 7 |  7.1
Spellcasting   | 1 3 5 |  5.0
Shields        | 2 4 |  4.1
Fighting       | 9 12 14 | 14.2
Throwing       | |  1.5

Action                   |  1- 3 |  4- 6 |  7- 9 | 10-12 | 13-15 || total
-------------------------+-------+-------+-------+-------+-------++-------
Melee: Dagger            |    94 |   318 |   375 |   829 |    77 ||  1693
       Bite              |     8 |    30 |    45 |   113 |    38 ||   234
       Quick blade       |       |       |       |       |   281 ||   281
Throw: Dart              |     2 |    28 |       |     5 |       ||    35
 Cast: Confusing Touch   |       |     5 |    38 |    94 |    36 ||   173
Invok: Potion Petition   |       |     1 |     1 |       |       ||     2
       Call Merchant     |       |       |       |     2 |     1 ||     3
Evoke: Wand              |       |     4 |     6 |     2 |       ||    12
  Use: Scroll            |     1 |     2 |     9 |    12 |     9 ||    33
       Potion            |       |     5 |     4 |     2 |     2 ||    13
 Stab: Sleeping          |     9 |    11 |    18 |    44 |    11 ||    93
       Distracted        |       |     2 |       |     6 |     1 ||     9
       Confused          |       |     1 |    29 |    98 |    31 ||   159
       Paralysed         |       |       |       |     1 |       ||     1
Armor: Robe              |    12 |    54 |    34 |       |       ||   100
       Steam dragon scal |       |       |    26 |   165 |    72 ||   263
Dodge: Dodged            |    52 |   175 |   193 |   307 |   125 ||   852
Block: Buckler           |       |       |       |    49 |    37 ||    86

Table legend:
 A = Non-vault XP
 B = Vault XP
 C = Vault XP percentage of total XP
 D = Non-vault monster count
 E = Vault monster count
 F = Vault count percentage of total count
                 A         B        C        D         E       F
            +---------+---------+-------+---------+---------+-------
      Total |   39502 |   10575 |  21.1 |     346 |      53 |  13.3
            +---------+---------+-------+---------+---------+-------
        D:1 |      35 |      45 |  56.2 |      16 |       7 |  30.4
        D:2 |      98 |      37 |  27.4 |      30 |       2 |   6.2
        D:3 |      36 |      29 |  44.6 |      14 |      10 |  41.7
        D:4 |     105 |      86 |  45.0 |       3 |       3 |  50.0
        D:5 |     392 |     762 |  66.0 |      19 |       3 |  13.6
        D:6 |     779 |     542 |  41.0 |      22 |       2 |   8.3
        D:7 |    1244 |    1129 |  47.6 |      40 |       2 |   4.8
        D:8 |    1187 |    2369 |  66.6 |      24 |       1 |   4.0
        D:9 |    1484 |     630 |  29.8 |      23 |      10 |  30.3
       D:10 |    2216 |     971 |  30.5 |      26 |       6 |  18.8
       D:11 |    3088 |     238 |   7.2 |      17 |       2 |  10.5
       D:12 |    6568 |    1380 |  17.4 |      22 |       1 |   4.3
       D:13 |    7428 |    1612 |  17.8 |      33 |       2 |   5.7
       D:14 |     493 |       0 |   0.0 |       1 |       0 |   0.0
       D:15 |    4858 |       0 |   0.0 |      17 |       0 |   0.0
     Lair:1 |    5879 |       0 |   0.0 |      24 |       0 |   0.0
     Lair:2 |     261 |     745 |  74.1 |       1 |       2 |  66.7
    Abyss:1 |    3155 |       0 |   0.0 |      13 |       0 |   0.0
    Abyss:2 |     196 |       0 |   0.0 |       1 |       0 |   0.0
            +---------+---------+-------+---------+---------+-------
